 Dungeon Crawl Stone Soup version 0.29.1-15-g9cfb28693d (webtiles) character file.

Game seed: 10208646783478149862

108 hawla the Chiller (level 5, -2/38 HPs)
             Began as a Meteoran Ice Elementalist on Mar 13, 2023.
             Killed by miscasting Hailstorm (16 damage)
             ... on level 3 of the Dungeon on Mar 14, 2023.
             The game lasted 00:04:07 (555 turns).

hawla the Chiller (Meteoran Ice Elementalist)        Turns: 555, Time: 00:04:07

Health: -2/38      AC:  7    Str:  9    XL:     5   Next: 35%
Magic:  7/11       EV: 12    Int: 18    God:
Gold:   64         SH:  0    Dex: 15    Spells: 2/10 levels left

rFire   . . .      SeeInvis .   i - staff of conjuration
rCold   . . .      Faith    .   (no shield)
rNeg    . . .      Spirit   .   a - +0 robe
rPois   .          Reflect  .   (no helmet)
rElec   .          Harm     .   d - +0 cloak
rCorr   .          Rampage  .   (no gloves)
Will    .....                   (no boots)
Stlth   +.........              (no amulet)
HPRegen 0.12/turn               c - +4 ring of protection
MPRegen 0.12/turn               (no ring)

@: freezing walls, very slightly contaminated, glowing
A: sense surroundings 1, otherworldly, glowing, explore regen
a: no special abilities


You were on level 3 of the Dungeon.
You visited 1 branch of the dungeon, and saw 4 of its levels.

You collected 64 gold pieces.

Inventory:

Armour
 a - a +0 robe (worn)
 d - a +0 cloak (worn)
Magical Staves
 i - a staff of conjuration (weapon)
Jewellery
 c - a +4 ring of protection (left hand)
Potions
 e - a potion of degeneration {unknown}
 f - 2 potions of heal wounds {unknown}
 g - a potion of curing
 h - a potion of mutation {unknown}


   Skills:
 - Level 0.1 Fighting
 - Level 2.6 Dodging
 - Level 1.4 Stealth
 - Level 3.4 Spellcasting
 + Level 2.1 Conjurations
 - Level 5.3 Ice Magic
 + Level 2.1 Evocations


You had 2 spell levels left.
You knew the following spells:

 Your Spells              Type           Power      Damage    Failure   Level
a - Freeze                Ice            88%        1d10      1%          1
b - Frozen Ramparts       Ice            44%        1d7       5%          3
c - Hailstorm             Conj/Ice       24%        3d7       32%         4

Your spell library contained the following spells:

 Spells                   Type           Power      Damage    Failure   Level
 Apportation              Tloc           6%         N/A       16%         1
 Necrotise                Necr           12%        1d4       16%         1
 Summon Small Mammal      Summ           12%        N/A       16%         1
 Ozocubu's Armour         Ice            22%        N/A       5%          3
 Iskenderun's Battlesphe  Conj           15%        2d7       88%         5
 Iron Shot                Conj/Erth      5%         9d2       100%        6
 Spellforged Servitor     Conj/Summ      5%         N/A       100%        7


Dungeon Overview and Level Annotations

Branches:
Dungeon (4/15) Zot: 1846
 Temple: D:4-7

Altars:

Shops:
D:2 =

Annotations:
D:3 Grinder


Innate Abilities, Weirdness & Mutations

You passively map a small area around you.
You are easily found by Zot.
You glow in the dark.
You regain HP and MP as you explore.


Message History

The wall freezes the orc priest.
The orc priest invokes the aid of Beogh against you.
Pain shoots through your body!
The wall freezes the orc!
You kill the orc!
The wall freezes the orc priest.
The orc priest hits you with a +0 club.
Casting: Freeze (safe; 1% risk of failure)
Confirm with . or Enter, or press ? or * to list all spells.
Aiming: Freeze (safe; 1% risk of failure)
Press: ? - help, Shift-Dir - straight line, f/p - orc priest
Aim: an orc priest, wielding a +0 mace (almost dead)
You freeze the orc priest!
You kill the orc priest!
Grinder resists.
The wall freezes Grinder.
The wall freezes the orc priest.
You kill the orc priest!
Your Conjurations skill gained 2 levels and is now at level 2!
Your Evocations skill gained 2 levels and is now at level 2!
You have reached level 5!
Casting: Freeze (safe; 1% risk of failure)
Confirm with . or Enter, or press ? or * to list all spells.
The spell is extremely dangerous to miscast (32% risk of failure)!
Continue anyway?
Casting: Hailstorm (extremely dangerous; 32% risk of failure)
Press: ? - help, Dir - look around, f - activate You feel a surge of power!
A cannonade of hail descends around you!
The hail pelts Grinder!
Grinder partially resists.
Grinder is moderately wounded.
Grinder completely resists.
The wall freezes Grinder but does no damage.
Grinder blinks!
Magic courses through your body.
Grinder says, "Don't move a muscle."
Casting: Hailstorm (extremely dangerous; 32% risk of failure)
Confirm with . or Enter, or press ? or * to list all spells.
The spell is extremely dangerous to miscast (32% risk of failure)!
Continue anyway?
Casting: Hailstorm (extremely dangerous; 32% risk of failure)
Press: ? - help, Dir - look around, f - activate You feel a surge of power!
You miscast Hailstorm.
You are very lightly contaminated with residual magic.
You feel uncomfortably cold!
You die...

######### #...[...# *
###.###.....#
########### #...#
....# * *
#.........######ยง###
, ...# *
#.#######.....)..# ,
,,... #.#
#.....5.)@)# , 5. #.#
#.########....... ,.
#.#####.# ###..... ,,
* #....##.# ..... ,
#....##.# ###. *
##...##.#### *
##.###....# *
##.######.#* *
##.).## #.#* *


You could see Grinder.

Vanquished Creatures
  2 orc priests (D:3)
  3 adders
  An orc (D:3)
  An endoplasm (D:2)
  2 giant cockroaches (D:1)
  3 goblins
  3 hobgoblins
  2 quokkas
  3 ball pythons
  A kobold (D:1)
  3 rats
24 creatures vanquished.

Notes
Turn   | Place    | Note
-------+----------+-------------------------------------------
     0 | D:1      | hawla the Meteoran Ice Elementalist began the quest for the
                  | Orb.
     0 | D:1      | Reached XP level 1. HP: 14/14 MP: 5/5
    94 | D:1      | Reached XP level 2. HP: 20/20 MP: 4/6
   190 | D:1      | Found a faded altar of an unknown god.
   315 | D:2      | Reached skill level 5 in Ice Magic
   315 | D:2      | Reached XP level 3. HP: 23/26 MP: 5/8
   321 | D:2      | Learned a level 3 spell: Frozen Ramparts
   399 | D:2      | Found Fejuxkiets's Jewellery Shoppe.
   447 | D:3      | Reached XP level 4. HP: 33/33 MP: 3/10
   452 | D:3      | Learned a level 4 spell: Hailstorm
   537 | D:3      | Noticed Grinder
   553 | D:3      | Reached XP level 5. HP: 13/38 MP: 5/11
   555 | D:3      | Killed by miscasting Hailstorm

Illustrated notes

Levels and vault maps discovered:
D:1:      amcnicky_arrival_wind_blow, layout_loops_ring,
          dreamdust_ecumenical_altar_grove, moated_statue
D:2:      layout_rooms, serial_shops, nicolae_shop_behind_doors
D:3:      layout_loops_ring, slow_altar_1, portal_sewer_entry_b, uniq_grinder
D:4:      layout_basic, gammafunk_temple_overflow_elements,
          minmay_temple_entry_large_hall, serial_shops, shop

Skill      XL: |  1  2  3  4 |
---------------+-------------+-----
Spellcasting   | 3 |  3.4
Ice Magic      | 5 |  5.3
Conjurations   | 2 |  2.1
Evocations     | 2 |  2.1
Fighting       | |  0.1
Dodging        | |  2.6
Stealth        | |  1.4

Action                   |  1- 3 |  4- 6 || total
-------------------------+-------+-------++-------
Melee: Unarmed           |     2 |       ||     2
       Staff             |       |     2 ||     2
 Cast: Freeze            |    26 |     7 ||    33
       Frozen Ramparts   |     1 |     1 ||     2
       Hailstorm         |       |     1 ||     1
  Use: Scroll            |     2 |     1 ||     3
       Potion            |       |     1 ||     1
Armor: Robe              |     8 |     3 ||    11
Dodge: Dodged            |    15 |     4 ||    19
